 Dungeon Crawl Stone Soup version 0.30-a0-639-g3916f1956a (webtiles) character file.

Game seed: 6514822505605729929

272 zinnoa the Chopper (level 6, -2/62 HPs)
             Began as an Ogre Reaver on Jan 17, 2023.
             Was an Initiate of Wu Jian.
             Slain by Sigmund
             ... wielding a +0 scythe
              (7 damage)
             ... on level 5 of the Dungeon.
             The game lasted 00:36:01 (4460 turns).

zinnoa the Chopper (Ogre Reaver)                    Turns: 4460, Time: 00:36:01

Health: -2/62      AC:  5    Str: 17    XL:     6   Next: 23%
Magic:  9/11       EV: 10    Int: 22    God:    Wu Jian [......]
Gold:   65         SH:  0    Dex: 13    Spells: 2/11 levels left

rFire   . . .      SeeInvis .    a - +0 hand axe
rCold   . . .      Faith    .    (no shield)
rNeg    . . .      Spirit   .    u - +2 robe of Firchauh {Int+6 Stlth+}
rPois   +          Reflect  .    (helmet restricted)
rElec   .          Harm     .    (no cloak)
rCorr   .          Rampage  .    (gloves unavailable)
Will    .....                    (boots unavailable)
Stlth   ++                       (no amulet)
HPRegen 0.30/turn                t - +6 ring of dexterity
MPRegen 0.12/turn                x - ring of poison resistance

@: immotile
A: large, unfitting armour, tough skin 1
a: Renounce Religion


You were on level 5 of the Dungeon.
You worshipped Wu Jian.
Wu Jian was noncommittal.
You visited 2 branches of the dungeon, and saw 6 of its levels.

You collected 213 gold pieces.
You spent 148 gold pieces at shops.

Inventory:

Hand Weapons
 a - a +0 hand axe (weapon)
 i - a +2 short sword of electrocution
 l - a +2 whip of holy wrath
Armour
 b - a +0 robe
 u - the +2 robe of Firchauh (worn) {Int+6 Stlth+}
   (You bought it in a shop on level 4 of the Dungeon)

   Int:       It affects your intelligence (+6).
   Stlth:     It makes you more stealthy.
Jewellery
 t - a +6 ring of dexterity (left hand)
 x - a ring of poison resistance (right hand)
Wands
 j - a wand of light (7)
Scrolls
 d - 2 scrolls of torment {unknown}
 e - 5 scrolls of identify {unknown}
 f - a scroll of enchant armour {unknown}
 g - 2 scrolls of blinking {unknown}
 h - 2 scrolls of fog {unknown}
 k - 3 scrolls of teleportation {unknown}
 m - a scroll of magic mapping {unknown}
 r - a scroll of poison {unknown}
 v - a scroll of immolation {unknown}
Potions
 c - a potion of invisibility {unknown}
 n - 2 potions of degeneration {unknown}
 o - 2 potions of mutation {unknown}
 p - a potion of heal wounds {unknown}
 q - a potion of might {unknown}
 s - a potion of curing {unknown}
 w - a potion of brilliance {unknown}


   Skills:
 + Level 4.2 Fighting
 + Level 4.6 Axes
 + Level 3.0 Dodging
 + Level 0.4 Stealth
 + Level 3.3 Spellcasting
 + Level 3.0 Conjurations
 + Level 0.8 Translocations


You had 2 spell levels left.
You knew the following spells:

 Your Spells              Type           Power      Damage    Failure   Level
a - Kiss of Death         Conj/Necr      40%        2d8       6%          1
b - Momentum Strike       Conj/Tloc      24%        3d8       9%          2
c - Hailstorm             Conj/Ice       10%        3d5       19%         3
d - Frozen Ramparts       Ice            6%         1d1       34%         3

Your spell library contained the following spells:

 Spells                   Type           Power      Damage    Failure   Level
 Freeze                   Ice            12%        1d3       12%         1


Dungeon Overview and Level Annotations

Branches:
Dungeon (5/15)             Temple (1/1) D:4

Altars:
Ashenzari
Cheibriados
Dithmenos
Elyvilon
Fedhas
Gozag
Hepliaklqana
Makhleb
Nemelex Xobeh
Okawaru
Qazlal
Ru
Sif Muna
Trog
Uskayaw
Vehumet
Wu Jian
Xom
Yredelemnul
Zin
The Shining One

Shops:
D:4 [*[

Annotations:
D:5 Sigmund


Innate Abilities, Weirdness & Mutations

You are too large for most types of armour.
You have tough skin. (AC +1)


Message History

Confirm with . or Enter, or press ? or * to list all spells.
Aiming: Momentum Strike (safe; 9% risk of failure)
Press: ? - help, Dir - move target The momentum dissipates harmlessly.
Something hits you but does no damage.
You hit something but do no damage. Something hits you.
You slash something! You hit something. Something hits you.
You barely miss something. Something hits you!
You hit something. You closely miss something. Something hits you!
You miss something. Something hits you.
You barely miss something. Something hits you but does no damage.
You closely miss something. You miss something. Something hits you!
* * * LOW HITPOINT WARNING * * *
You closely miss something. Something hits you but does no damage.
You miss something. You hit something but do no damage.
You hear some strange, mumbled words.
Something tries to affect you, but you resist.
You hit something. Something hits you.
* * * LOW HITPOINT WARNING * * *
You barely miss something. Something hits you but does no damage.
You miss something.
Sigmund appears from thin air!
Reactivating autopickup.
Sigmund points at you and mumbles some strange words.
The puff of flame hits you.
* * * LOW HITPOINT WARNING * * *
Casting: Momentum Strike (safe; 9% risk of failure)
Confirm with . or Enter, or press ? or * to list all spells.
You don't know that spell.
Casting: Momentum Strike (safe; 9% risk of failure)
Confirm with . or Enter, or press ? or * to list all spells.
Aiming: Momentum Strike (safe; 9% risk of failure)
Press: ? - help, Dir - move target, f - Sigmund
Aim: Sigmund, wielding a +0 scythe and wearing a +0 robe (almost dead, 68% to hit)
The concentrated momentum hits Sigmund.
Sigmund is almost dead.
You are unable to move.
Sigmund hits you with a +0 scythe!
You die...

#.... #.... .... !..
#.########## ####
##...#...#..##...##
#.......#.....?...#
#.......#....@@...#
#####.###>##..##...##
#.###.###.##..##...#
#..............+....#
#..............#....#
##..###.####...##....#
###'###.# #...# ....#
#.....+.. #...# ...##
#.....#... #...#


You could see Sigmund.

Vanquished Creatures
  A hound (D:4)
  Natasha (thrice) (D:3)
  4 gnolls
  2 adders
  A white imp (D:5)
  An ufetubus (D:4)
  4 worms
  2 dart slugs
  5 orcs
  6 bats
  4 endoplasms
  7 giant cockroaches
  5 goblins
  6 hobgoblins
  5 jackals
  4 quokkas
  5 ball pythons
  2 frilled lizards (D:1)
  10 kobolds
  5 rats
82 creatures vanquished.

Vanquished Creatures (others)
  2 demonic plants (D:1)
  A plant (D:3)
3 creatures vanquished.

Grand Total: 85 creatures vanquished

Notes
Turn   | Place    | Note
-------+----------+-------------------------------------------
     0 | D:1      | zinnoa the Ogre Reaver began the quest for the Orb.
     0 | D:1      | Reached XP level 1. HP: 22/22 MP: 3/3
    94 | D:1      | Reached XP level 2. HP: 25/29 MP: 5/5
    98 | D:1      | Learned a level 2 spell: Momentum Strike
   416 | D:1      | Reached XP level 3. HP: 14/36 MP: 6/6
  1036 | D:2      | You fall into a shaft and drop 1 floor!
  1220 | D:3      | Noticed Natasha
  1231 | D:3      | Killed Natasha
  1232 | D:3      | Reached XP level 4. HP: 35/45 MP: 2/7
  1381 | D:3      | Noticed Natasha
  1387 | D:3      | Killed Natasha
  1457 | D:3      | Noticed Natasha
  1464 | D:3      | Killed Natasha
  1465 | D:3      | Reached XP level 5. HP: 46/54 MP: 5/8
  2760 | D:4      | Found Mehedgh's Antique Armour Boutique.
  2926 | D:3      | Learned a level 3 spell: Hailstorm
  3352 | D:4      | Found Kuuniwol's Armour Boutique.
  3360 | D:4      | Found a staircase to the Ecumenical Temple.
  3362 | D:4      | Identified the +5 scale mail "Xihamp" {rC+ Str-2 Stlth+}
  3468 | D:4      | Bought a sheer robe for 148 gold pieces
  3468 | D:4      | Identified the +2 robe of Firchauh {Int+6 Stlth+} (You
                  | bought it in a shop on level 4 of the Dungeon)
  3516 | Temple   | Entered the Ecumenical Temple
  3617 | Temple   | Became a worshipper of the Wu Jian Council
  3964 | D:4      | Learned a level 3 spell: Frozen Ramparts
  4002 | D:4      | Reached XP level 6. HP: 58/62 MP: 10/10
  4008 | D:4      | Found a basalt altar of Yredelemnul.
  4199 | D:4      | Found Baxitt's Assorted Antiques.
  4383 | D:5      | Entered Level 5 of the Dungeon
  4406 | D:5      | Noticed Sigmund
  4460 | D:5      | Slain by Sigmund

Illustrated notes

Levels and vault maps discovered:
D:1:      amcnicky_arrival_double_pillar, layout_loops_ring,
          dreamdust_princess_corridor
D:2:      layout_rooms, basic_altar
D:3:      layout_loops_ring, gup_sewer_entry_spiral, small_statue_intersection,
          serial_bayou_pond_e, minmay_ruptured, uniq_natasha
D:4:      layout_cave_pools, nicolae_overflow_crystal_walls, temple_pool_b,
          serial_shops, kennysheep_mini, shop, nicolae_stop_n_shop_2
D:5:      minmay_razor_zed, layout_gridville, uniq_sigmund, uniq_grinder
Temple:   mainiacjoe_temple_archimedes_tessellation

Skill      XL: |  1  2  3  4  5 |
---------------+----------------+-----
Dodging        | 2 3 |  3.0
Fighting       | 3 4 |  4.2
Axes           | 4 |  4.6
Conjurations   | 3 |  3.0
Spellcasting   | 3 |  3.3
Stealth        | |  0.4
Translocations | |  0.8

Action                   |  1- 3 |  4- 6 || total
-------------------------+-------+-------++-------
Melee: Hand axe          |   126 |   169 ||   295
       Punch             |       |     3 ||     3
 Cast: Momentum Strike   |     5 |    16 ||    21
Invok: Lunge             |       |     7 ||     7
 Stab: Sleeping          |       |     3 ||     3
Armor: Robe              |    72 |    30 ||   102
Dodge: Dodged            |    83 |    91 ||   174

Table legend: (Time is in decaauts)
 A = Elapsed time spent in this place.
 B = Non-inter-level travel time spent in this place.
 C = Inter-level travel time spent in this place.
 D = Time resting spent in this place.
 E = Time spent auto-exploring this place.
 F = Levels seen in this place.
 G = Mean time per level.
                   A        B        C        D        E       F      G
               +--------+--------+--------+--------+--------+-----+--------+
         Total |   4490 |   4274 |    216 |   1380 |   1177 |   6 |  748.3 |
       Dungeon |   4170 |   3988 |    182 |   1380 |   1133 |   5 |  834.0 |
        Temple |    319 |    285 |     34 |      0 |     44 |   1 |  319.0 |
               +--------+--------+--------+--------+--------+-----+--------+

Top non-repeatable levels by time:
     D:3: 2158 daAuts
     D:1: 990 daAuts
     D:4: 883 daAuts
  Temple: 319 daAuts
     D:5: 78 daAuts
     D:2: 59 daAuts
